AoeStats
← WkxvII5228

Arena

507387858Analyzed
1v1 RM · 13d ago on Sep 18, 2026· 25m 59s· 2 players
Game mode
Random Map
Map size
Tiny (2 player)
Population
200
Speed
Normal
Resources
Standard
Victory
Conquest
Starting age
Dark Age
Ending age
Imperial Age
RankedLock teamsTeams togetherTeam positionsShared explorationLock speedFull tech treeHidden civsTurbo modeCheats
Victory
Defeat
🇷🇺 Celts · Russia
1348
+15
🇧🇷 Romans · Brazil
1319
-15
WkxvII5228
10:32 Feudal Age
14:40 Castle Age
13:10 Double-Bit Axe
13:40 Horse Collar
14:27 Town Watch
19:32 Man-at-Arms
20:06 Loom
20:59 Wheelbarrow
21:18 Squires
22:07 Long Swordsman
26:16 Scale Mail Armor
26:27 Forging
P.Drilla
10:01 Feudal Age
14:12 Castle Age
13:40 Loom
22:18 Scale Mail Armor
Connection lost

Rejoining the realm…

Still unreachable

The connection could not be restored.

Session expired

The server has moved on; the page needs a fresh start.